 Dungeon Crawl Stone Soup version 0.31.0-11-ge490571c62 (webtiles) character file.

Game seed: 15871372967664179009

69837 Drazool the Bludgeoner (level 12, -15/112 (122) HPs)
             Began as a Minotaur Fighter on Feb 2, 2024.
             Was the Champion of Ru.
             Demolished by a stone giant (35 damage)
             ... on level 12 of the Dungeon.
             The game lasted 01:10:51 (22425 turns).

Drazool the Bludgeoner (Minotaur Fighter)          Turns: 22425, Time: 01:10:52

HP:   -15/112 (122) AC: 12    Str: 25    XL:     12   Next: 91%
MP:   6/13          EV: 22    Int:  5    God:    Ru [******]
Gold: 647           SH:  5    Dex: 11    Spells: 14/14 levels left

rFire   . . .        a - +5 great mace (heavy)
rCold   x . .        (shield currently unavailable)
rNeg    + . .        I - +1 leather armour {rF+}
rPois   +            (helmet restricted)
rElec   .            c - +0 cloak {Will+}
rCorr   .            Y - +2 pair of gloves
SInv    .            l - +1 pair of boots
Will    ++...        U - amulet of reflection
Stlth   ++           E - +5 ring of evasion
HPRegen 0.38/turn    p - ring of Sovereignty {rPois rN+ Will+}
MPRegen 0.13/turn

%: reflection
@: exhausted, horrified, studying Maces & Flails, drained
A: horns 2, cowardly, inexperienced 2, temperature sensitive, retaliatory
headbutt
a: Renounce Religion, Draw Out Power, Power Leap, Apocalypse


You were on level 12 of the Dungeon.
You worshipped Ru.
Ru was exalted by your worship.
You visited 3 branches of the dungeon, and saw 19 of its levels.

You collected 2100 gold pieces.
You spent 1453 gold pieces at shops.


Innate Abilities, Weirdness & Mutations

You have a pair of horns on your head.
Your cowardice makes you less effective in combat with threatening foes.
You are inexperienced. (-2 XL)
You are sensitive to extremes of temperature. (rF-, rC-)
You reflexively headbutt those who attack you in melee.


   Skills:
 - Level 16.0 Fighting
 - Level 3.8(13.5) Axes
 - Level 19.8(20.0) Maces & Flails
 + Level 6.1 Throwing
 - Level 8.0 Armour
 - Level 14.0 Dodging
 - Level 5.0 Stealth
 - Level 4.0 Shields
 - Level 1.6 Spellcasting


You had 14 spell levels left.
You didn't know any spells.
Your spell library contained the following spells:

 Spells                   Type           Power      Damage    Failure   Level
 Necrotise                Necr           0%         1d4       45%         1
 Ensorcelled Hibernation  Hex/Ice        0%         N/A       61%         2
 Jinxbite                 Hex            0%         N/A       61%         2
 Fugue of the Fallen      Necr           0%         N/A       83%         3
 Inner Flame              Hex/Fire       0%         N/A       83%         3
 Tukima's Dance           Hex            0%         N/A       83%         3
 Vampiric Draining        Necr           0%         2d6       83%         3
 Anguish                  Hex/Necr       0%         N/A       99%         4
 Flame Wave               Conj/Fire      0%         2d4       99%         4
 Martyr's Knell           Necr/Summ      0%         N/A       99%         4
 Passage of Golubria      Tloc           0%         N/A       99%         4
 Sticky Flame             Fire/Alch      0%         2d4       99%         4
 Curse of Agony           Necr           0%         N/A       100%        5
 Yara's Violent Unravell  Hex/Alch       0%         3d3       100%        5
 Enfeeble                 Hex            0%         N/A       100%        7

Inventory:

Hand Weapons
 a - a +5 heavy great mace (weapon)
 b - the +3 lajatang of Dawn {flame, rPois rC- Dex+5 SInv}
   (You bought it in a shop on level 2 of the Orcish Mines)

   Dex+5:     It affects your dexterity (+5).
   rC-:       It makes you vulnerable to cold.
   rPois:     It protects you from poison SInv: It lets you see invisible.
 V - a +1 heavy dire flail
Missiles
 s - 2 poisoned darts
 Q - 3 curare-tipped darts {=f}
 W - 13 boomerangs (quivered)
Armour
 c - a +0 cloak of willpower (worn)
 l - a +1 pair of boots (worn)
 I - a +1 leather armour of fire resistance (worn)
 Y - a +2 pair of gloves (worn)
Magical Staves
 m - a staff of alchemy {!a}
 F - a staff of air {!a}
 H - a staff of earth {!a}
 N - a staff of conjuration {!a}
Jewellery
 p - the ring of Sovereignty (right hand) {rPois rN+ Will+}
   (You acquired it on level 1 of the Lair of Beasts)

   [ring of willpower]

   rPois:     It protects you from poison rN+: It protects you from negative
   energy.
   Will+:     It increases your willpower.
 C - a ring of ice
 E - a +5 ring of evasion (left hand)
 L - a ring of flight
 M - an amulet of guardian spirit
 U - an amulet of reflection (around neck)
Wands
 d - a wand of roots (29)
 o - a wand of flame (8)
 z - a wand of quicksilver (10)
 P - a wand of digging (2)
 R - a wand of paralysis (14)
 Z - a wand of mindburst (12)
Scrolls
 h - a scroll of silence {!r}
 i - 2 scrolls of blinking
 n - 4 scrolls of revelation
 q - 2 scrolls of fear
 r - 5 scrolls of immolation
 x - 6 scrolls of teleportation {@r2}
 y - 3 scrolls of amnesia
 B - 2 scrolls of noise
 G - 5 scrolls of vulnerability
Potions
 e - 2 potions of magic
 f - 2 potions of attraction
 g - 5 potions of curing {@q1}
 j - 2 potions of ambrosia
 k - a potion of cancellation {unknown}
 t - 3 potions of haste {@q3}
 u - a potion of enlightenment {unknown}
 w - 3 potions of lignification
 A - a potion of berserk rage {!q}
 K - a potion of brilliance
 O - a potion of mutation
 T - 2 potions of heal wounds {@q2}
 X - a potion of might
Miscellaneous
 J - a phantom mirror
 S - a phial of floods

Dungeon Overview and Level Annotations

Branches:
Dungeon (12/15)            Temple (0/1) D:6            Lair (5/5) D:9
 Shoals (0/4) Lair:3        Snake (0/4) Lair:2        Slime (0/5) Lair:4
    Orc (2/2) D:10            Elf (0/3) Orc:2

Altars:
Ashenzari
Elyvilon
Fedhas
Gozag
Hepliaklqana
Makhleb
Qazlal
Ru
Sif Muna
Wu Jian

Shops:
D:5 *(   D:9 *   D:11 (   Orc:1 =   Orc:2 (:(!

Annotations:
D:3 1 runed translucent door, Crazy Yiuf
D:9 2 transporters, knightboat's ghost, novice GnSh
Lair:4 1 runed translucent door, Caclecre's ghost, journeyman DsGl

.#▒..▒▒..▒▒..▒#....#
.#▒..▒▒..▒▒..▒#....#
.#▒..▒▒..▒▒).▒#....#
.#▒..▒▒..▒▒..▒#....#
.#▒..▒▒..▒▒..▒#....#
.#▒..▒▒.)▒▒..▒#....#
.#▒..▒▒..▒▒..▒#.†..#
)#▒..▒▒..▒▒..▒#.)).#
.#▒..▒▒..▒▒..▒#.@).#
.#▒..▒▒.)▒▒..▒#C...#
.#▒..▒▒..▒▒..▒#).:.#
.#▒..▒▒..▒▒..▒#....#
.#▒.)▒▒..▒▒..▒#$$$$#
.#▒..▒▒..▒▒..▒#$$$$#
.#▒..▒▒..▒▒..▒#$$$$#
##▒..▒▒..▒▒..▒#$$$$#
# ▒.)....▒▒..▒


You could see a stone giant (blind, unable to see you).


Message History

Your Throwing skill increases to level 5!
Unknown command.
The sphinx begins to cast a spell, but is stunned by your conviction!
Found 65 gold pieces.
You crush the sphinx like a grape!!!
You kill the sphinx!
Found 66 gold pieces.
You see here a sphinx corpse.
The helpless yaktaur captain fails to defend itself.
You thump the yaktaur captain!
The yaktaur captain is severely wounded.
The helpless yaktaur captain fails to defend itself.
You pound the yaktaur captain like an anvil!!!!
You kill the yaktaur captain!
Your Throwing skill increases to level 6!
Found 54 gold pieces.
Things that are here:
a +0 arbalest; a yaktaur corpse
Found 53 gold pieces.
The stone giant is no longer paralysed.
The stone giant hits you!!
* * * LOW HITPOINT WARNING * * *
You focus your inner power and blind the stone giant in retribution!
You hit the stone giant.
The stone giant is severely wounded.
You block the stone giant's attack. The stone giant hits you!!
* * * LOW HITPOINT WARNING * * *
You hit the stone giant.
The stone giant is severely wounded.
The stone giant hits you!!
You die...

Skill      XL: |  1  2  3  4  5  6  7  8  9 10 11 12 |
---------------+-------------------------------------+-----
Maces & Flails | 3 5 10 13 14 15 19 | 19.8
Fighting       | 4 6 9 12 16 | 16.0
Armour         | 4 6 8 |  8.0
Shields        | 4 |  4.0
Dodging        | 1 3 4 6 8 12 13 14 | 14.0
Throwing       | 4 6 |  6.1
Axes           | 3 |  3.8
Spellcasting   | 1 |  1.6
Stealth        | 5 |  5.0

Action                     |  1- 3 |  4- 6 |  7- 9 | 10-12 || total
---------------------------+-------+-------+-------+-------++-------
  Melee: Flail             |    12 |       |       |       ||    12
         Whip              |    89 |   147 |       |       ||   236
         Headbutt          |    14 |    32 |    50 |    94 ||   190
         Dire flail        |       |    71 |   249 |       ||   320
         Great mace        |       |       |    57 |   536 ||   593
         Lajatang          |       |       |       |     8 ||     8
  Throw: Boomerang         |    17 |    15 |   104 |    16 ||   152
         Dart              |     2 |       |     6 |    12 ||    20
 Invoke: Sacrifice Experie |     1 |     1 |       |       ||     2
         Draw Out Power    |       |       |     1 |     2 ||     3
         Sacrifice Resista |       |       |     1 |       ||     1
         Sacrifice Courage |       |       |     1 |       ||     1
         Power Leap        |       |       |       |     4 ||     4
         Apocalypse        |       |       |       |     3 ||     3
  Evoke: Wand              |       |       |       |    11 ||    11
    Use: Scroll            |     2 |     7 |    17 |     9 ||    35
         Potion            |       |     1 |     1 |     2 ||     4
   Stab: Distracted        |     1 |       |     2 |     4 ||     7
         Invisible         |       |     2 |     1 |     6 ||     9
         Paralysed         |       |       |       |    10 ||    10
         Sleeping          |       |       |       |     4 ||     4
 Armour: Scale mail        |    42 |   120 |    79 |       ||   241
         Leather armour    |       |       |    89 |   262 ||   351
  Dodge: Dodged            |    40 |    84 |   137 |   433 ||   694
  Block: Buckler           |    12 |    24 |       |       ||    36
         Other             |       |       |       |    44 ||    44
         Reflection        |       |       |       |    13 ||    13

Levels and vault maps discovered:
D:1:      dpeg_arrival_solitude, layout_basic,
          shapermc_ecumenical_altar_acropolis, nrook_loot_triangle
D:2:      minmay_inner_zag, layout_basic, guppyfry_early_orc_mine
D:3:      layout_loops_ring, roderic_lattice_a, amcnicky_mini_pool_small,
          uniq_crazy_yiuf_cottage, uniq_natasha, uniq_jessica
D:4:      nicolae_cairo_tiling, layout_layer_cave, abandoned_shop
D:5:      layout_loops_cross, serial_shops, nicolae_shop_stone,
          minmay_shop_mass, uniq_edmund, uniq_duvessa, uniq_sigmund
D:6:      layout_loops_corners, minitemple, minmay_temple_entry_statues_pillars,
          uniq_blork_the_orc, uniq_maggie
D:7:      layout_rooms
D:8:      layout_loops_cross, amcnicky_altar_gilded, small_statue_alley_b,
          hangedman_decor_points, uniq_joseph
D:9:      layout_long_grid, lightli_temple_of_fire,
          grunt_lair_entry_orc_guard_hut, nzn_ghost_randoct, serial_shops,
          nicolae_shop_real_fake_doors
D:10:     layout_loops_ring, david_orc_5, uniq_snorg
D:11:     layout_gridville, serial_shops, kennysheep_little_box
D:12:     minmay_nested_s, layout_cross
Lair:1:   layout_concentric_octagons, grunt_megastairs_4, serial_bayou_shore_b
Lair:2:   layout_cellular_growth, alex1729_snake_entry_snake
Lair:3:   layout_gridlike, elwin_shoals_entry_rocks, pdpol_lair_cavern_descent,
          serial_bayou_shore_a, serial_bayou_shore_b
Lair:4:   layout_cave_pods, slime_entry_1, ebering_ghost_funeral_grove
Lair:5:   gammafunk_lair_ancient_temple, layout_regular_city, basic_altar,
          grunt_megastairs_2, uniq_sonja
Orc:1:    layout_diamond_mine, serial_shops,
          nicolae_shop_temple_entry_statues_fountains
Orc:2:    st_orc_rangers, layout_diamond_mine

Notes
Turn   | Place    | Note
-------+----------+-------------------------------------------
     0 | D:1      | Drazool the Minotaur Fighter began the quest for the Orb.
     0 | D:1      | Reached XP level 1. HP: 19/19 MP: 0/0
    78 | D:1      | Reached skill level 3 in Maces & Flails
   100 | D:1      | Reached XP level 2. HP: 26/26 MP: 1/1
   307 | D:1      | Reached skill level 4 in Maces & Flails
   325 | D:1      | Found a faded altar of an unknown god.
   333 | D:1      | Prayed at the altar of an unknown god.
   333 | D:1      | Became a worshipper of Ru the Awakened
   334 | D:1      | Gained mutation: You are somewhat inexperienced. (-1 XL)
                  | [Ru sacrifice]
   334 | D:1      | Reached XP level 1. HP: 19/19 MP: 0/0
   334 | D:1      | Reached * piety under Ru
   881 | D:2      | Reached XP level 2. HP: 26/26 MP: 1/1
  1197 | D:2      | Reached skill level 5 in Maces & Flails
  1320 | D:2      | Reached XP level 3. HP: 31/31 MP: 2/2
  1844 | D:3      | Reached skill level 4 in Fighting
  1844 | D:3      | Reached skill level 4 in Armour
  1845 | D:3      | Reached skill level 4 in Shields
  1885 | D:3      | Identified the +1 robe of Insatiable Hunger {rPois Will-
                  | Int+5}
  1930 | D:3      | Reached skill level 1 in Dodging
  1930 | D:3      | Reached XP level 4. HP: 29/40 MP: 3/3
  2002 | D:3      | Reached skill level 2 in Dodging
  2048 | D:3      | Noticed Jessica
  2054 | D:3      | Killed Jessica
  2194 | D:3      | Reached skill level 3 in Dodging
  2497 | D:3      | Noticed Natasha
  2499 | D:3      | Killed Natasha
  2533 | D:3      | Found a runed translucent door.
  2534 | D:3      | Noticed Crazy Yiuf
  2906 | D:3      | Noticed Natasha
  2912 | D:3      | Killed Natasha
  2913 | D:3      | Reached XP level 5. HP: 46/46 MP: 4/4
  3003 | D:4      | Reached skill level 4 in Dodging
  3843 | D:5      | Entered Level 5 of the Dungeon
  3876 | D:5      | Found Xuiky's Weapon Boutique.
  3963 | D:5      | Reached skill level 6 in Maces & Flails
  4008 | D:5      | Noticed Sigmund
  4017 | D:5      | Killed Sigmund
  4018 | D:5      | Reached skill level 7 in Maces & Flails
  4018 | D:5      | Reached XP level 6. HP: 40/52 MP: 5/5
  4093 | D:5      | Gained mutation: You are inexperienced. (-2 XL) [Ru
                  | sacrifice]
  4093 | D:5      | Reached XP level 5. HP: 46/46 MP: 4/4
  4093 | D:5      | Reached ** piety under Ru
  4093 | D:5      | Reached *** piety under Ru
  4218 | D:5      | Noticed Dowan
  4219 | D:5      | Noticed Duvessa
  4245 | D:5      | Killed Duvessa
  4246 | D:5      | Reached skill level 8 in Maces & Flails
  4249 | D:5      | Killed Dowan
  4440 | D:5      | Found Ybauq's Mass Market.
  4475 | D:5      | Noticed Edmund
  4492 | D:5      | Killed Edmund
  4493 | D:5      | Reached skill level 9 in Maces & Flails
  4925 | D:6      | Reached skill level 10 in Maces & Flails
  4925 | D:6      | Reached XP level 6. HP: 52/52 MP: 5/5
  4955 | D:6      | Found a broken altar of Ashenzari.
  4956 | D:6      | Found a stormy altar of Qazlal.
  4956 | D:6      | Noticed Maggie
  4963 | D:6      | Paralysed by Maggie for 2 turns
  4966 | D:6      | HP: 4/44 [Maggie/bolt of fire (16)]
  4969 | D:6      | Killed Maggie
  4970 | D:6      | Reached skill level 11 in Maces & Flails
  5143 | D:6      | Found an ornate altar of the Wu Jian Council.
  5145 | D:6      | Found a white marble altar of Elyvilon.
  5146 | D:6      | Found a hazy altar of Hepliaklqana.
  5147 | D:6      | Found an opulent altar of Gozag.
  5149 | D:6      | Found a shimmering blue altar of Sif Muna.
  5150 | D:6      | Found a blossoming altar of Fedhas.
  5306 | D:6      | Noticed Blork the orc
  5312 | D:6      | Killed Blork the orc
  5377 | D:6      | Identified a scroll of acquirement
  5378 | D:6      | Acquired a +3 heavy great mace
  5406 | D:6      | Reached skill level 12 in Maces & Flails
  5493 | D:6      | Found a staircase to the Ecumenical Temple.
  6112 | D:7      | Reached skill level 13 in Maces & Flails
  6112 | D:7      | Reached XP level 7. HP: 59/59 MP: 6/6
  6619 | D:7      | Gained mutation: You are sensitive to extremes of
                  | temperature. (rF-, rC-) [Ru sacrifice]
  6619 | D:7      | Reached **** piety under Ru
  6619 | D:7      | Reached ***** piety under Ru
  6657 | D:8      | Reached skill level 14 in Maces & Flails
  6776 | D:8      | Found a sacrificial altar of Ru.
  6817 | D:8      | Reached skill level 5 in Armour
  6870 | D:8      | Noticed Joseph
  6885 | D:8      | Reached skill level 6 in Armour
  6889 | D:8      | Killed Joseph
  6890 | D:8      | Reached skill level 5 in Dodging
  7100 | D:8      | Reached skill level 6 in Dodging
  7421 | D:8      | Reached skill level 5 in Fighting
  7433 | D:8      | Reached skill level 6 in Fighting
  7785 | D:9      | Reached XP level 8. HP: 70/70 MP: 7/7
  7909 | D:9      | Found Kalon's General Store.
  7949 | D:9      | Found a transporter.
  7954 | D:9      | Found a transporter.
  7971 | D:9      | Reached skill level 7 in Dodging
  8008 | D:9      | Noticed knightboat's ghost (novice GnSh)
  8011 | D:9      | Noticed a manticore
  8029 | D:9      | Noticed an elephant
  8088 | D:9      | Noticed an elephant
  8097 | D:9      | Killed an elephant
  8098 | D:9      | Reached skill level 8 in Dodging
  8098 | D:9      | Reached skill level 1 in Throwing
  8178 | D:9      | Reached skill level 2 in Throwing
  8259 | D:9      | Found a staircase to the Lair.
  8259 | D:9      | Noticed an elephant
  8262 | D:9      | Killed an elephant
  8263 | D:9      | Reached skill level 3 in Throwing
  8386 | D:9      | Found a burning altar of Makhleb.
  8424 | D:9      | Reached skill level 4 in Throwing
  8449 | D:9      | Killed an elephant
  8568 | D:10     | Entered Level 10 of the Dungeon
  9047 | D:10     | Reached skill level 15 in Maces & Flails
  9353 | D:10     | Gained mutation: Your cowardice makes you less effective in
                  | combat with threatening foes. [Ru sacrifice]
  9353 | D:10     | Reached ****** piety under Ru
  9379 | D:10     | Found a staircase to the Orcish Mines.
  9432 | D:10     | Reached XP level 9. HP: 70/75 MP: 6/8
  9433 | D:10     | Reached skill level 16 in Maces & Flails
  9592 | D:10     | Noticed Snorg
  9599 | D:10     | Killed Snorg
  9600 | D:10     | Reached skill level 3 in Axes
  9763 | Lair:1   | Entered Level 1 of the Lair of Beasts
 10013 | Lair:1   | Reached skill level 17 in Maces & Flails
 10675 | Lair:1   | Reached skill level 18 in Maces & Flails
 10697 | Lair:1   | Noticed a boulder beetle
 10710 | Lair:1   | Killed a boulder beetle
 10730 | Lair:1   | Acquired a manual of Maces & Flails
 10930 | Lair:1   | Acquired the ring of Sovereignty {rPois rN+ Will+}
 11009 | Lair:1   | Reached skill level 19 in Maces & Flails
 11870 | Lair:1   | Reached XP level 10. HP: 53/83 MP: 5/9
 12086 | Lair:2   | Reached skill level 7 in Fighting
 12496 | Lair:2   | Reached skill level 1 in Spellcasting
 13211 | Lair:2   | Found a staircase to the Snake Pit.
 13518 | Lair:3   | Reached skill level 9 in Dodging
 13962 | Lair:3   | Found a staircase to the Shoals.
 14005 | Lair:3   | Reached skill level 10 in Dodging
 14151 | Lair:3   | Noticed a four-headed hydra
 14160 | Lair:3   | Killed a four-headed hydra
 14161 | Lair:3   | Reached skill level 11 in Dodging
 14346 | Lair:3   | Noticed a six-headed hydra
 14350 | Lair:3   | Killed a six-headed hydra
 14364 | Lair:3   | Reached skill level 12 in Dodging
 14468 | Lair:3   | Reached skill level 8 in Fighting
 15049 | Lair:4   | Found a staircase to the Slime Pits.
 15189 | Lair:4   | Reached skill level 9 in Fighting
 15206 | Lair:4   | Reached XP level 11. HP: 93/97 MP: 12/12
 15217 | Lair:4   | Reached skill level 7 in Armour
 15262 | Lair:4   | Reached skill level 8 in Armour
 15413 | Lair:4   | Found a runed translucent door.
 15420 | Lair:4   | Noticed Caclecre's ghost (journeyman DsGl)
 15424 | Lair:4   | Identified the +10 spear "Baoman" {venom, ^Drain rCorr
                  | Dex+8 Stlth-}
 15615 | Lair:4   | Reached skill level 1 in Stealth
 15625 | Lair:4   | Reached skill level 2 in Stealth
 16005 | Lair:5   | Entered Level 5 of the Lair of Beasts
 16011 | Lair:5   | Reached skill level 3 in Stealth
 16013 | Lair:5   | Reached skill level 4 in Stealth
 16180 | Lair:5   | Reached skill level 5 in Stealth
 16273 | Lair:5   | Noticed Sonja
 16282 | Lair:5   | Killed Sonja
 16328 | Lair:5   | Reached skill level 10 in Fighting
 16530 | Lair:5   | Reached skill level 11 in Fighting
 16911 | Lair:5   | Reached skill level 12 in Fighting
 17222 | Lair:5   | Found a broken altar of Ashenzari.
 17634 | Lair:5   | HP: 9/104 [drowned by a drowned soul[a merfolk avatar]
                  | (15)]
 17639 | Lair:5   | Reached skill level 13 in Dodging
 17910 | Lair:5   | Identified the +6 short sword of the Glamorous God {elec,
                  | ^Drain rN+ Int+3}
 18262 | Orc:1    | Entered Level 1 of the Orcish Mines
 18360 | Orc:1    | Reached XP level 12. HP: 85/108 MP: 13/13
 18544 | Orc:1    | Found Orphuv's Jewellery Emporium.
 18711 | Orc:1    | Bought an amulet of reflection for 450 gold pieces
 18757 | Orc:2    | Entered Level 2 of the Orcish Mines
 19025 | Orc:2    | Reached skill level 14 in Dodging
 19179 | Orc:2    | Reached skill level 13 in Fighting
 19297 | Orc:2    | Found a staircase to the Elven Halls.
 19476 | Orc:2    | Found Bitret's Weapon Shoppe.
 19476 | Orc:2    | Found Kanotey's Book Shop.
 19478 | Orc:2    | Found Puibic's Antique Weapon Boutique.
 19480 | Orc:2    | Found Sufronan's Distillery.
 19487 | Orc:2    | Bought a brightly glowing lajatang for 760 gold pieces
 19487 | Orc:2    | Identified the +3 lajatang of Dawn {flame, rPois rC- Dex+5
                  | SInv} (You bought it in a shop on level 2 of the Orcish
                  | Mines)
 19767 | D:9      | Bought 6 boomerangs for 168 gold pieces
 19767 | D:9      | Bought 2 curare-tipped darts for 33 gold pieces
 19767 | D:9      | Bought a scroll of teleportation for 42 gold pieces
 20648 | D:11     | Found Nuex Mixt's Antique Weapon Boutique.
 21159 | D:11     | Reached skill level 14 in Fighting
 21560 | D:12     | Reached skill level 15 in Fighting
 22347 | D:12     | Reached skill level 16 in Fighting
 22414 | D:12     | Noticed a stone giant
 22414 | D:12     | Noticed a sphinx
 22416 | D:12     | Reached skill level 5 in Throwing
 22418 | D:12     | Killed a sphinx
 22422 | D:12     | Reached skill level 6 in Throwing
 22425 | D:12     | Demolished by a stone giant

Vanquished Creatures
  A sphinx (D:12)
  Snorg (D:10)
  An ettin (D:12)
  A yaktaur captain (D:12)
  6 hydras
  A merfolk avatar (Lair:5)
  7 two-headed ogres
  3 boulder beetles
  An orc high priest (Orc:1)
  Sonja (Lair:5)
  2 skysharks (Lair:5)
  A sea snake (Lair:5)
  A deep elf archer (D:12)
  3 orc knights
  2 deep elf pyromancers (D:12)
  3 manticores (D:12)
  3 orc sorcerers (Orc:1)
  An ugly thing (D:12)
  A salamander (Lair:2)
  2 cyclopes
  A meliai (D:12)
  14 elephants
  7 cane toads
  Joseph (D:8)
  7 black mambas
  3 kobold blastminers (Orc:2)
  2 gargoyles
  Maggie (D:6)
  2 unseen horrors
  3 torpor snails
  3 rime drakes
  An efreet (D:12)
  2 kobold demonologists (D:12)
  15 komodo dragons
  5 polar bears
  8 trolls
  3 hornets (Lair:5)
  30 blink frogs
  3 slime creatures (D:12)
  A snapping turtle (Lair:5)
  Sigmund (D:5)
  2 shadows
  32 yaks
  3 wyverns
  4 vampires (D:12)
  2 basilisks
  3 wraiths
  4 vampire mosquitoes (D:12)
  A steam dragon (Lair:5)
  2 wargs
  A basilisk (shapeshifter) (D:12)
  3 nagas (Lair:2)
  Edmund (D:5)
  2 acid dragons (D:12)
  19 water moccasins
  Duvessa (D:5)
  39 orc warriors
  2 ice beasts
  3 black bears
  3 sky beasts (D:7)
  8 ogres
  A laughing skull (D:12)
  10 wolves
  10 centaurs
  Blork the orc (D:6)
  14 bullfrogs
  3 scorpions
  4 wights (D:8)
  Dowan (D:5)
  6 killer bees (D:8)
  3 electric eels (Lair:3)
  A bombardier beetle (D:3)
  6 howler monkeys
  A jelly (D:7)
  A gnoll bouda (D:6)
  20 orc priests
  4 hounds
  Jessica (D:3)
  4 iguanas
  2 sleepcaps
  Natasha (twice) (D:3)
  9 orc wizards
  7 hell rats (Lair:2)
  6 gnolls
  8 adders
  A white imp (D:6)
  2 ufetubi (D:5)
  4 dart slugs
  2 ribbon worms
  75 orcs
  5 ball pythons
  4 bats
  7 endoplasms
  4 giant cockroaches
  7 goblins
  8 hobgoblins
  2 quokkas
  3 frilled lizards
  9 kobolds
  4 rats
552 creatures vanquished.

Vanquished Creatures (others)
  A hydra (Lair:3)
  A rime drake (Lair:5)
  A centaur (Orc:2)
  A wight (D:8)
  2 orcs
  A goblin (D:3)
7 creatures vanquished.

Grand Total: 559 creatures vanquished

Table legend: (Time is in decaauts)
 A = Elapsed time spent in this place.
 B = Non-inter-level travel time spent in this place.
 C = Inter-level travel time spent in this place.
 D = Time resting spent in this place.
 E = Time spent auto-exploring this place.
 F = Levels seen in this place.
 G = Mean time per level.
                   A        B        C        D        E       F      G
               +--------+--------+--------+--------+--------+-----+--------+
         Total |  22429 |  21144 |   1285 |   2190 |  15184 |  19 | 1180.5 |
       Dungeon |  11921 |  11182 |    739 |    603 |   8667 |  12 |  993.4 |
          Lair |   8479 |   8240 |    239 |   1512 |   5368 |   5 | 1695.8 |
  Orcish Mines |   2028 |   1722 |    306 |     75 |   1149 |   2 | 1014.0 |
               +--------+--------+--------+--------+--------+-----+--------+

Top non-repeatable levels by time:
  Lair:1: 2076 daAuts
  Lair:5: 1978 daAuts
  Lair:2: 1660 daAuts
  Lair:3: 1535 daAuts
   Orc:2: 1333 daAuts
    D:10: 1331 daAuts
     D:6: 1258 daAuts
  Lair:4: 1229 daAuts
    D:12: 1160 daAuts
     D:8: 1108 daAuts
     D:3: 1094 daAuts
     D:4: 943 daAuts
     D:2: 924 daAuts
     D:9: 898 daAuts
     D:1: 870 daAuts

Table legend:
 A = Non-vault XP
 B = Vault XP
 C = Vault XP percentage of total XP
 D = Non-vault monster count
 E = Vault monster count
 F = Vault count percentage of total count
                 A         B        C        D         E       F
            +---------+---------+-------+---------+---------+-------
      Total |   54042 |   45726 |  45.8 |     375 |     180 |  32.4
            +---------+---------+-------+---------+---------+-------
        D:1 |      40 |       0 |   0.0 |      13 |       0 |   0.0
        D:2 |      63 |      23 |  26.7 |      16 |      11 |  40.7
        D:3 |     184 |      72 |  28.1 |      23 |       2 |   8.0
        D:4 |      63 |       0 |   0.0 |      14 |       0 |   0.0
        D:5 |     209 |     600 |  74.2 |      13 |       4 |  23.5
        D:6 |     655 |     514 |  44.0 |      21 |       2 |   8.7
        D:7 |    1048 |       0 |   0.0 |      22 |       0 |   0.0
        D:8 |    1569 |     445 |  22.1 |      19 |       1 |   5.0
        D:9 |     965 |    1775 |  64.8 |      12 |       6 |  33.3
       D:10 |    2433 |    1591 |  39.5 |      15 |      20 |  57.1
       D:11 |    4212 |       0 |   0.0 |      11 |       0 |   0.0
       D:12 |    1876 |   17817 |  90.5 |       5 |      43 |  89.6
     Lair:1 |    7097 |    1979 |  21.8 |      25 |       8 |  24.2
     Lair:2 |    4374 |    1037 |  19.2 |      21 |       4 |  16.0
     Lair:3 |    5546 |    3378 |  37.9 |      23 |      12 |  34.3
     Lair:4 |    7049 |       0 |   0.0 |      25 |       0 |   0.0
     Lair:5 |    8589 |   10859 |  55.8 |      29 |      29 |  50.0
      Orc:1 |    5308 |       0 |   0.0 |      37 |       0 |   0.0
      Orc:2 |    2762 |    5636 |  67.1 |      31 |      38 |  55.1
            +---------+---------+-------+---------+---------+-------
